 Dungeon Crawl Stone Soup version 0.24-a0 (webtiles) character file.

Game seed: 9888567553598119188

931 robertstho the Thaumaturge (level 7, -10/36 HPs)
             Began as a Deep Elf Fire Elementalist on Jan 29, 2019.
             Was a Follower of Sif Muna.
             Mangled by a gnoll
             ... wielding a +0 spear
              (12 damage)
             ... on level 5 of the Dungeon.
             The game lasted 00:19:07 (6103 turns).

robertstho the Thaumaturge (DEFE)                   Turns: 6103, Time: 00:19:08

Health: -10/36     AC:  3    Str:  5    XL:     7   Next: 86%
Magic:  2/20       EV: 12    Int: 22    God:    Sif Muna [*.....]
Gold:   334        SH:  0    Dex: 15    Spells: 7/22 levels left

rFire    . . .     SeeInvis .   r - +0 short sword (venom)
rCold    . . .     Gourm    .   (no shield)
rNeg     . . .     Faith    .   s - +0 leather armour
rPois    .         Spirit   .   (no helmet)
rElec    .         Reflect  .   (no cloak)
rCorr    .         Harm     .   (no gloves)
MR       .....                  (no boots)
Stlth    +.........             (no amulet)
HPRegen  0.12/turn              (no ring)
MPRegen  0.17/turn              (no ring)

@: hasted, glowing, very quick
A: no striking features
a: Divine Energy, Renounce Religion


You were on level 5 of the Dungeon.
You worshipped Sif Muna.
Sif Muna was aware of your devotion.
You were not hungry.

You visited 2 branches of the dungeon, and saw 6 of its levels.
You also visited: Sewer.

You collected 334 gold pieces.

Inventory:

Hand Weapons
 m - a +0 hunting sling
 r - a +0 short sword of venom (weapon)
Missiles
 d - 17 sling bullets
Armour
 a - a +0 robe
 s - a +0 leather armour (worn)
Scrolls
 e - 3 scrolls of remove curse
 f - 10 scrolls of identify {unknown}
 g - 3 scrolls of enchant armour {unknown}
 h - 3 scrolls of teleportation {unknown}
 i - 2 scrolls of noise {unknown}
 k - a scroll of enchant weapon {unknown}
 q - a scroll of immolation {unknown}
 v - a scroll of blinking {unknown}
 w - a scroll of fog {unknown}
Potions
 l - 3 potions of curing
 n - a potion of agility {unknown}
 o - a potion of flight {unknown}
 p - 2 potions of brilliance {unknown}
 t - a potion of might {unknown}
 u - a potion of lignification {unknown}
Comestibles
 c - 12 rations


   Skills:
 + Level 0.1 Fighting
 + Level 0.9 Short Blades
 + Level 0.7 Armour
 + Level 3.1 Dodging
 + Level 3.4 Stealth
 * Level 8.0 Spellcasting
 + Level 4.2 Conjurations
 + Level 5.3 Fire Magic
 * Level 2.7 Invocations


You had 7 spell levels left.
You knew the following spells:

 Your Spells              Type           Power        Failure   Level  Hunger
a - Flame Tongue          Conj/Fire      ####.        1%          1    None
b - Throw Flame           Conj/Fire      ####..       2%          2    None
c - Conjure Flame         Conj/Fire      ####....     4%          3    None
d - Sticky Flame          Conj/Fire      ####....     16%         4    ###....
e - Fireball              Conj/Fire      ####......   41%         5    #####..

Your spell library contained the following spells:

 Spells                   Type           Power        Failure   Level  Hunger
 Confusing Touch          Hex            #.....       12%         1    None
 Infusion                 Chrm           #...         12%         1    None
 Inner Flame              Hex/Fire       ###.....     12%         3    None
 Shroud of Golubria       Chrm/Tloc      #.........   19%         2    None
 Song of Slaying          Chrm           #.......     19%         2    None
 Confuse                  Hex            #.......     34%         3    None
 Gell's Gravitas          Tloc           #.........   34%         3    None
 Regeneration             Chrm/Necr      #.........   34%         3    None
 Spectral Weapon          Hex/Chrm       #.......     34%         3    None
 Petrify                  Tmut/Erth      #.......     75%         4    ###....
 Metabolic Englaciation   Hex/Ice        #.........   97%         5    #####..
 Yara's Violent Unravell  Hex/Tmut       #.........   97%         5    #####..


Dungeon Overview and Level Annotations

Branches:
Dungeon (5/15)             Temple (1/1) D:4

Altars:
Ashenzari
Elyvilon
Hepliaklqana
Kikubaaqudgha
Makhleb
Sif Muna
Uskayaw
Wu Jian
Xom
The Shining One

Shops:
D:4 }


Message History

The gnoll shaman is heavily wounded.
The gnoll shaman calls upon its god to heal the gnoll.
The gnoll is healed somewhat.
Casting: Flame Tongue (safe; 1% risk of failure)
Confirm with . or Enter, or press ? or * to list all spells.
Aiming: Flame Tongue (safe; 1% risk of failure)
Press: ? - help, Shift-Dir - straight line, f/p - gnoll shaman
Aim: a gnoll shaman, wielding a +0 club and wearing a +0 robe (heavily wounded)
The flame tongue hits the gnoll shaman but does no damage.
The gnoll shaman is heavily wounded.
The gnoll hits you from afar with a +0 spear.
The gnoll hits you from afar with a +0 spear.
* * * LOW HITPOINT WARNING * * *
You feel yourself speed up.
The gnoll hits you from afar with a +0 spear!
* * * LOW HITPOINT WARNING * * *
The gnoll shaman calls upon its god to heal the gnoll.
The gnoll's wounds heal themselves!
The gnoll hits you from afar with a +0 spear!
You die...

....## ##.##...#####..###.# #..).#
##..##.###.....## #.# ..##.#
#..###.# ..##### #.# ####g## #.##
#.# . #.# #..## #)# .#.# #.# ##g.#
#.# ##.#.# #.# ##.## #.###....#
#.## #.g# #.##...# #..# ##.#
#.##.@.# ##.#
######.####..g.[##############..
..........g...........รท..........
#########g...####################
#.##.# ###.#..# #......# #......#
#......#


You could see a gnoll shaman and 2 gnolls.

Vanquished Creatures
  An ice beast (D:5)
  An ogre (D:4)
  2 bullfrogs (Sewer)
  A crimson imp (D:5)
  A howler monkey (D:4)
  A bullfrog zombie (D:5)
  A hound (D:5)
  2 orc priests
  A hound skeleton (D:4)
  5 gnolls
  A river rat (D:5)
  14 adders
  10 oozes (Sewer)
  An adder skeleton (D:4)
  2 worms
  A dart slug (D:4)
  16 leopard geckos
  23 orcs
  10 giant cockroaches
  6 hobgoblins
  4 jackals
  13 kobolds
  4 quokkas
  11 ball pythons
  9 bats
  14 frilled lizards
  6 goblins
  A quokka skeleton (D:5)
  10 rats
172 creatures vanquished.

Notes
Turn   | Place    | Note
-------+----------+-------------------------------------------
     0 | D:1      | robertstho the Deep Elf Fire Elementalist began the quest
                  | for the Orb.
     0 | D:1      | Reached XP level 1. HP: 10/10 MP: 6/6
    93 | D:1      | Reached XP level 2. HP: 11/15 MP: 0/8
   260 | D:1      | Learned a level 2 spell: Throw Flame
   537 | D:1      | Reached XP level 3. HP: 19/19 MP: 3/10
  1313 | D:2      | Reached skill level 4 in Spellcasting
  1632 | D:2      | Reached XP level 4. HP: 24/24 MP: 4/12
  1642 | D:2      | Learned a level 3 spell: Conjure Flame
  1647 | D:2      | Learned a level 4 spell: Sticky Flame
  2440 | D:3      | Reached skill level 5 in Spellcasting
  2440 | D:3      | Reached XP level 5. HP: 24/28 MP: 4/14
  3202 | D:3      | Found a faded altar of an unknown god.
  3268 | D:3      | Found a hazy altar of Hepliaklqana.
  3569 | D:4      | Learned a level 5 spell: Fireball
  3858 | D:4      | Found a staircase to the Ecumenical Temple.
  3881 | Temple   | Entered the Ecumenical Temple
  3909 | Temple   | Became a worshipper of Sif Muna the Loreminder
  3979 | D:4      | Noticed an ogre
  3984 | D:4      | Killed an ogre
  3984 | D:4      | Reached skill level 6 in Spellcasting
  3984 | D:4      | Reached skill level 1 in Invocations
  3984 | D:4      | Reached XP level 6. HP: 15/32 MP: 9/17
  4143 | D:4      | Found Buufu's Gadget Emporium.
  4826 | D:5      | Entered Level 5 of the Dungeon
  4871 | D:5      | Found a glowing drain.
  4887 | Sewer    | Entered a sewer
  5276 | Sewer    | Reached XP level 7. HP: 36/36 MP: 10/19
  5293 | Sewer    | Reached * piety under Sif Muna
  5364 | Sewer    | Reached skill level 5 in Fire Magic
  5393 | Sewer    | Reached skill level 7 in Spellcasting
  6076 | D:5      | Reached skill level 8 in Spellcasting
  6103 | D:5      | Mangled by a gnoll

Vault maps used:
D:1:      wander_arrival_peaceful_grave, kennysheep_nondescript,
          minmay_distorted
D:3:      first_ration, chequers_ecumenical_altar_island, kennysheep_flooded_box
D:4:      temple_fountains, serial_shops, nicolae_shop_stone
D:5:      cheibrodos_sewer_entry_sluice, led_sif_pool
Temple:   compressed_dpeg_circular_temple
Sewer:    sewer_frog_island_02

Skill      XL: |  1  2  3  4  5  6  7 |
---------------+----------------------+-----
Fire Magic     | 4 5 |  5.3
Spellcasting   | 4 5 6 8 |  8.0
Conjurations   | 2 3 4 |  4.2
Dodging        | 3 |  3.1
Stealth        | 3 |  3.4
Invocations    | 1 2 |  2.7
Fighting       | |  0.1
Short Blades   | |  0.9
Armour         | |  0.7

Action                   |  1- 3 |  4- 6 |  7- 9 || total
-------------------------+-------+-------+-------++-------
Melee: Short sword       |    21 |    19 |     7 ||    47
 Cast: Flame Tongue      |    46 |   103 |    45 ||   194
       Throw Flame       |    22 |    52 |    21 ||    95
       Conjure Flame     |       |     1 |     2 ||     3
       Sticky Flame      |       |     4 |     3 ||     7
  Use: Scroll            |       |     1 |       ||     1
       Potion            |       |       |     2 ||     2
 Stab: Sleeping          |     1 |     1 |       ||     2
  Eat: Chunk             |     3 |    11 |     3 ||    17
Armor: Robe              |    15 |    10 |       ||    25
       Leather armour    |       |     3 |     3 ||     6
Dodge: Dodged            |    39 |    55 |    10 ||   104

Table legend:
 A = Non-vault XP
 B = Vault XP
 C = Vault XP percentage of total XP
 D = Non-vault monster count
 E = Vault monster count
 F = Vault count percentage of total count
                 A         B        C        D         E       F
            +---------+---------+-------+---------+---------+-------
      Total |     954 |     376 |  28.3 |     114 |      58 |  33.7
            +---------+---------+-------+---------+---------+-------
        D:1 |      46 |       9 |  16.4 |      20 |       4 |  16.7
        D:2 |     114 |       0 |   0.0 |      24 |       0 |   0.0
        D:3 |     146 |       0 |   0.0 |      36 |       0 |   0.0
        D:4 |     310 |       0 |   0.0 |      19 |       0 |   0.0
        D:5 |     338 |      15 |   4.2 |      15 |       2 |  11.8
      Sewer |       0 |     352 | 100.0 |       0 |      52 | 100.0
            +---------+---------+-------+---------+---------+-------
